 Dungeon Crawl Stone Soup version 0.24.0-2-g5b39cebb1c (webtiles) character file.

Game seed: 499864748161987523, levelgen mode: deterministic

6507 Esekla the Carver (level 11, -1/72 HPs)
             Began as an Octopode Abyssal Knight on Oct 30, 2019.
             Was an Elder of Lugonu.
             Slain by a centaur (9 damage)
             ... on level 11 of the Dungeon.
             The game lasted 01:13:36 (11378 turns).

Esekla the Carver (Octopode Abyssal Knight)        Turns: 11378, Time: 01:13:36

Health: -1/72      AC:  1    Str: 19    XL:     11   Next: 0%
Magic:  14/14      EV: 34    Int: 16    God:    Lugonu [****..]
Gold:   156        SH:  0    Dex: 14    Spells: 9/13 levels left

rFire    + . .     SeeInvis .   a - +2 falchion
rCold    . . .     Gourm    .   (no shield)
rNeg     . . .     Faith    .   (helmet restricted)
rPois    .         Spirit   .   y - amulet of the acrobat
rElec    .         Reflect  .   l - +6 ring of strength
rCorr    +         Harm     .   r - ring of protection from fire
MR       +....                  v - ring of resist corrosion
Stlth    +++++.....             B - ring of protection from magic
HPRegen  0.22/turn              M - ring of stealth
MPRegen  0.14/turn              (no ring)
                                (no ring)
                                (no ring)

@: about to teleport, acrobat
A: almost no armour, stealthy swim, amphibious, 8 rings, constrict 8, repulsion
field 1, camouflage 1, clever 1, gelatinous body 1
a: Depart the Abyss, Bend Space, Banish, Corrupt, Renounce Religion


You were on level 11 of the Dungeon.
You worshipped Lugonu.
Lugonu was greatly pleased with you.
You were hungry.

You visited 2 branches of the dungeon, and saw 11 of its levels.
You visited the Abyss 1 time.

You collected 611 gold pieces.
You spent 455 gold pieces at shops.

Inventory:

Hand Weapons
 a - a +2 falchion (weapon)
 s - a +8 dagger of freezing
 x - a +2 scimitar
 O - a +0 spear of venom
Missiles
 g - 40 poisoned darts (quivered)
 C - 8 boomerangs of dispersal
 E - 14 boomerangs
Armour
 t - a +1 buckler
Jewellery
 i - an uncursed ring of fire
 l - a +6 ring of strength (left tentacle)
 o - an uncursed ring of fire
 r - a ring of protection from fire (right tentacle)
 v - a ring of resist corrosion (on tentacle)
 y - an amulet of the acrobat (around mantle)
 B - a ring of protection from magic (on tentacle)
 M - a ring of stealth (on tentacle)
 P - an uncursed amulet of magic regeneration
Wands
 u - a wand of acid (14)
 H - a wand of clouds (7)
 I - a wand of random effects (9)
 J - a wand of disintegration (12)
 K - a wand of flame (65)
 N - a wand of digging (5)
Scrolls
 f - a scroll of fear
 h - 4 scrolls of remove curse
 j - 5 scrolls of amnesia
 m - 3 scrolls of enchant weapon
 z - a scroll of blinking
Potions
 d - a potion of flight
 k - a potion of might {unknown}
 n - a potion of cancellation {unknown}
 p - a potion of haste {unknown}
 q - a potion of ambrosia {unknown}
 w - 2 potions of brilliance
 D - a potion of invisibility {unknown}
 F - 2 potions of heal wounds {unknown}
 G - a potion of berserk rage {unknown}
 L - a potion of lignification {unknown}
Miscellaneous
 e - a lamp of fire
Comestibles
 b - 15 rations


   Skills:
 + Level 6.3 Fighting
 + Level 0.6(7.1) Short Blades
 * Level 11.2 Long Blades
 * Level 7.5 Dodging
 - Level 7.0 Stealth
 * Level 1.7 Spellcasting
 * Level 1.6 Hexes
 * Level 2.2 Charms
 * Level 1.8 Ice Magic
 + Level 4.5 Invocations
 + Level 0.1 Evocations


You had 9 spell levels left.
You knew the following spells:

 Your Spells              Type           Power        Failure   Level  Hunger
a - Ozocubu's Armour      Chrm/Ice       #.......     28%         3    ####...
c - Corona                Hex            #......      11%         1    ##.....

Your spell library contained the following spells:

 Spells                   Type           Power        Failure   Level  Hunger
 Freeze                   Ice            #...         10%         1    ##.....
 Slow                     Hex            #.......     16%         2    ###....
 Throw Frost              Conj/Ice       #.....       22%         2    ###....
 Inner Flame              Hex/Fire       #.......     41%         3    ####...
 Portal Projectile        Hex/Tloc       #.....       41%         3    ####...
 Cause Fear               Hex            #.........   71%         4    #####..
 Summon Ice Beast         Ice/Summ       #.......     82%         4    #####..
 Throw Icicle             Conj/Ice       #.......     82%         4    #####..
 Leda's Liquefaction      Hex/Erth       #.........   83%         4    #####..


Dungeon Overview and Level Annotations

Branches:
Dungeon (9/15)             Temple (1/1) D:6             Orc (0/2) D:9
   Lair: D:8-11

Altars:
Ashenzari
Cheibriados
Dithmenos
Gozag
Hepliaklqana
Okawaru
Qazlal
Sif Muna
Uskayaw
Vehumet
The Shining One
Beogh
Jiyva

Shops:
D:6 :   D:7 }   D:11 %

Annotations:
D:8 3 runed translucent doors, mopl's ghost, novice GnWr
D:11 Harold


Innate Abilities, Weirdness & Mutations

You cannot wear most types of armour.
You are very stealthy in the water. (Stealth+)
You are amphibious.
You can wear up to eight rings at the same time.
You can use your tentacles to constrict eight enemies at once.
Your skin changes colour to match your surroundings (Stealth+).
Your rubbery body absorbs attacks. (AC +1, EV +1)
You are surrounded by a mild repulsion field. (EV +2)
Your mind is acute. (Int +2)


Message History

The centaur hits you but does no damage.
You feel better. The centaur hits you.
* * * LOW HITPOINT WARNING * * *
The centaur misses you. The black bear bites you.
* * * LOW HITPOINT WARNING * * *
The black bear claws you.
* * * LOW HITPOINT WARNING * * *
The black bear closely misses you. The centaur misses you.
As you read the scroll of teleportation, it crumbles to dust.
You feel strangely unstable. The centaur completely misses you. x2
The black bear bites you.
* * * LOW HITPOINT WARNING * * *
The black bear barely misses you. The black bear misses you.
The centaur misses you.
You riposte.
You hit the centaur.
The centaur is severely wounded.
The centaur completely misses you. The black bear closely misses you.
You riposte.
You barely miss the black bear. Your grab misses the black bear.
The black bear completely misses you. The black bear closely misses you.
The centaur hits you!
You die...

##. .#.###... #.........
+# #......... ##.#
#......#.# ...#
#.....s#.### .###
#.........c#########
.#####........@h@.......#
..............))c...###.#
..####.Z....###>###.# #.#
..####......# #)# #.# #.#
......#.#...###†# #.# #.#
#.##..#.#.......# #.# #.#
#.##..#.#..#.#..###.###.#
#<).......###..(.....##.#
......###..#...####.....#


You could see Harold, a black bear, 2 centaurs and a scorpion.

Vanquished Creatures
  Pikel (D:7)
  Joseph (D:8)
  3 hippogriffs
  Sigmund (D:2)
  Grum (D:7)
  Duvessa (D:6)
  3 orc warriors
  An ice beast (D:6)
  A slave (D:7)
  A black bear (D:7)
  2 sky beasts
  4 ogres
  A phantom (D:6)
  2 wolves
  6 centaurs
  A wyvern zombie (D:6)
  Dowan (D:6)
  4 bullfrogs
  4 scorpions
  2 water moccasin skeletons
  5 killer bees (D:7)
  5 wights
  3 howler monkeys
  7 crimson imps
  A quasit (Abyss:2)
  A bullfrog zombie (D:6)
  4 jellies
  6 orc priests
  A gnoll shaman (D:5)
  3 hounds
  11 orc wizards
  A centaur skeleton (D:5)
  A bullfrog skeleton (D:11)
  2 iguanas
  11 worker ants
  Natasha (twice) (D:2)
  A hound zombie (D:8)
  A hound skeleton (D:8)
  A howler monkey zombie (D:7)
  A worker ant zombie (D:5)
  11 gnolls
  13 adders
  3 shadow imps
  An ooze (D:1)
  2 adder skeletons
  A dart slug (D:1)
  7 leopard geckos
  40 orcs
  8 giant cockroaches
  3 goblins
  7 hobgoblins
  9 jackals
  6 quokkas
  2 ball pythons
  11 bats
  11 frilled lizards
  6 kobolds
  12 rats
262 creatures vanquished.

Vanquished Creatures (others)
  9 fungi (D:11)
  4 plants (D:11)
13 creatures vanquished.

Grand Total: 275 creatures vanquished

Notes
Turn   | Place    | Note
-------+----------+-------------------------------------------
     0 | Abyss:1  | Esekla the Octopode Abyssal Knight began the quest for the
                  | Orb.
     0 | Abyss:1  | Reached XP level 1. HP: 16/16 MP: 2/2
    32 | Abyss:1  | Noticed a silent spectre
    62 | Abyss:2  | Noticed a quasit
    79 | Abyss:2  | Killed a quasit
    79 | Abyss:2  | Reached XP level 2. HP: 17/21 MP: 3/3
    79 | Abyss:2  | Reached XP level 3. HP: 21/26 MP: 4/4
   113 | Abyss:2  | Noticed a sixfirhy
   120 | Abyss:3  | Noticed a swamp dragon
   131 | Abyss:3  | Noticed an ancient zyme
   133 | Abyss:3  | Noticed an apocalypse crab
   138 | Abyss:3  | Noticed a tentacled starspawn
   158 | Abyss:3  | Noticed an eye of draining
   178 | Abyss:3  | Noticed a thrashing horror
   179 | Abyss:3  | Noticed a soul eater
   181 | D:1      | Escaped the Abyss
   597 | D:2      | Reached * piety under Lugonu
   762 | D:2      | Reached XP level 4. HP: 29/31 MP: 5/5
   975 | D:2      | Noticed Sigmund
  1066 | D:2      | Reached skill level 1 in Stealth
  1454 | D:2      | Noticed Natasha
  1460 | D:2      | Killed Natasha
  1472 | D:2      | Reached skill level 3 in Long Blades
  1472 | D:2      | Reached XP level 5. HP: 30/36 MP: 6/6
  1569 | D:2      | Noticed Natasha
  1582 | D:2      | Killed Natasha
  1964 | D:2      | Killed Sigmund
  1964 | D:2      | Reached skill level 4 in Long Blades
  1964 | D:2      | Reached XP level 6. HP: 26/43 MP: 7/7
  2257 | D:3      | Found a shattered altar of Ashenzari.
  2367 | D:3      | Reached ** piety under Lugonu
  2443 | D:3      | Found an opulent altar of Gozag.
  2443 | D:3      | Found a shadowy altar of Dithmenos.
  2838 | D:4      | Reached XP level 7. HP: 47/47 MP: 8/8
  2912 | D:4      | Reached skill level 5 in Long Blades
  3030 | D:3      | Found an iron altar of Okawaru.
  3406 | D:3      | Reached skill level 5 in Stealth
  3693 | D:4      | Found a hazy altar of Hepliaklqana.
  3933 | D:4      | Found a glowing golden altar of the Shining One.
  3935 | D:4      | Found a snail-covered altar of Cheibriados.
  4244 | D:4      | Found a hide-covered altar of Uskayaw.
  4269 | D:5      | Entered Level 5 of the Dungeon
  4280 | D:4      | Reached XP level 8. HP: 22/54 MP: 9/9
  4375 | D:4      | Gained mutation: You tend to lose your temper in combat.
                  | [potion of mutation]
  4375 | D:4      | Gained mutation: You are robust. (+10% HP) [potion of
                  | mutation]
  4375 | D:4      | Gained mutation: You have a pair of small antennae on your
                  | head. [potion of mutation]
  4376 | D:4      | Lost mutation: You tend to lose your temper in combat.
                  | [potion of mutation]
  4376 | D:4      | Lost mutation: You are robust. (+10% HP) [potion of
                  | mutation]
  4376 | D:4      | Lost mutation: You have a pair of small antennae on your
                  | head. [potion of mutation]
  4376 | D:4      | Gained mutation: Your mind is acute. (Int +2) [potion of
                  | mutation]
  4376 | D:4      | Gained mutation: You are surrounded by a mild repulsion
                  | field. (EV +2) [potion of mutation]
  4409 | D:4      | Reached skill level 6 in Long Blades
  4614 | D:5      | Reached *** piety under Lugonu
  5147 | D:5      | Reached skill level 7 in Long Blades
  5152 | D:5      | Reached skill level 5 in Dodging
  5638 | D:6      | Found a staircase to the Ecumenical Temple.
  5652 | Temple   | Entered the Ecumenical Temple
  5678 | D:6      | Noticed Duvessa
  5679 | D:6      | Noticed Dowan
  5703 | D:6      | Killed Duvessa
  5834 | D:7      | Found a shimmering blue altar of Sif Muna.
  6034 | D:7      | Reached XP level 9. HP: 51/59 MP: 10/10
  6081 | D:7      | Reached skill level 8 in Long Blades
  6136 | D:6      | Reached **** piety under Lugonu
  6378 | D:6      | Found a radiant altar of Vehumet.
  6430 | D:6      | Reached skill level 5 in Fighting
  6822 | D:6      | Reached skill level 9 in Long Blades
  7005 | D:6      | Found Deupt's Book Shoppe.
  7056 | D:6      | Killed Dowan
  7462 | D:7      | Noticed Pikel
  7630 | D:8      | Noticed Grum
  7636 | D:7      | Found Anexus's Gadget Boutique.
  8054 | D:7      | Killed Pikel
  8054 | D:7      | Reached skill level 10 in Long Blades
  8054 | D:7      | Reached XP level 10. HP: 37/68 MP: 11/13
  8346 | D:8      | Noticed Joseph
  8493 | D:7      | Killed Grum
  9371 | D:6      | Bought a book of Frost for 455 gold pieces
  9375 | D:6      | Learned a level 3 spell: Ozocubu's Armour
  9794 | D:8      | Killed Joseph
  9887 | D:8      | Found a runed translucent gate.
  9888 | D:8      | Found a runed translucent gate.
  9889 | D:8      | Found a runed translucent gate.
  9889 | D:8      | Noticed mopl's ghost (novice GnWr)
  9891 | D:8      | Found a viscous altar of Jiyva.
 10060 | D:9      | Noticed a two-headed ogre
 10149 | D:7      | Reached skill level 1 in Ice Magic
 10211 | D:8      | Learned a level 1 spell: Corona
 10305 | D:8      | Reached skill level 1 in Charms
 10312 | D:8      | Reached skill level 1 in Spellcasting
 10947 | D:8      | Reached skill level 11 in Long Blades
 11079 | D:9      | Reached skill level 1 in Hexes
 11100 | D:9      | Found a roughly hewn altar of Beogh.
 11100 | D:9      | Found a staircase to the Orcish Mines.
 11117 | D:9      | Found a stormy altar of Qazlal.
 11131 | D:9      | You fall into a shaft and drop 2 floors!
 11202 | D:11     | Found Vauchouruq's Food Shoppe.
 11216 | D:11     | Noticed Harold
 11373 | D:11     | Reached XP level 11. HP: 22/72 MP: 14/14
 11378 | D:11     | Slain by a centaur

Levels and vault maps discovered:
D:1:      tarquinn_simple_flora_water_e, layout_loops_ring
D:2:      kennysheep_big_flooded_room, layout_basic, first_ration,
          grunt_ministairs_14, minmay_split_cup_small, uniq_natasha,
          uniq_sigmund
D:3:      layout_loops_ring, nicolae_overflow_crystal_walls,
          gammafunk_temple_overflow_elements, nicolae_ashenzari_panopticon,
          chequers_serial_rivers_large_b
D:4:      layout_basic, nicolae_overflow_hidden_temple
D:5:      layout_basic
D:6:      layout_basic, fiery_altar_vehumet, minmay_temple_entry_grid,
          serial_shops, shop, uniq_duvessa
D:7:      layout_loops_corners, lemuel_coloured_pillars_altar, serial_shops,
          shop, uniq_pikel
D:8:      layout_cave_pools, gammafunk_ghost_ooze, uniq_joseph, uniq_grum
D:9:      layout_rooms, grunt_temple_overflow_growth_and_decay,
          overflow_temple_1_default, david_orc_5, hangedman_little_slice_of_home
D:11:     lemuel_slime, layout_loops_ring, grunt_lair_entry_orc_guard_hut,
          serial_shops, shop, gauntlet_entry_generic, minmay_holes, uniq_harold
Temple:   grunt_temple_mini_profane

Skill      XL: |  1  2  3  4  5  6  7  8  9 10 |
---------------+-------------------------------+-----
Dodging        | 3 4 5 6 7 |  7.5
Stealth        | 2 4 6 7 |  7.0
Long Blades    | 3 4 5 7 10 11 | 11.2
Fighting       | 4 5 6 |  6.3
Invocations    | 4 |  4.5
Ice Magic      | 1 |  1.8
Charms         | 2 |  2.2
Spellcasting   | 1 |  1.7
Hexes          | 1 |  1.6
Short Blades   | |  0.6
Evocations     | |  0.1

Action                   |  1- 3 |  4- 6 |  7- 9 | 10-12 || total
-------------------------+-------+-------+-------+-------++-------
Melee: Falchion          |    32 |    75 |   307 |   171 ||   585
       Constrict         |     6 |    22 |    72 |    54 ||   154
       Tentacles         |     5 |    20 |    85 |    67 ||   177
       Short sword       |       |       |     3 |       ||     3
       Dagger            |       |       |       |     7 ||     7
Throw: Dart              |     2 |     1 |    40 |    14 ||    57
       Boomerang         |       |       |    16 |     2 ||    18
 Cast: Corona            |       |       |       |     2 ||     2
Invok: Depart the Abyss  |     1 |       |       |       ||     1
       Bend Space        |       |       |     1 |     3 ||     4
Evoke: Lamp of fire      |     1 |       |       |       ||     1
  Use: Scroll            |       |       |     8 |     8 ||    16
       Potion            |       |       |     2 |     2 ||     4
 Stab: Sleeping          |     4 |    13 |    33 |     2 ||    52
       Distracted        |       |     1 |     1 |     1 ||     3
  Eat: Chunk             |       |     6 |    16 |     4 ||    26
       Ration            |       |       |       |     2 ||     2
Armor: Skin              |     4 |     5 |     6 |     2 ||    17
Dodge: Dodged            |    14 |    40 |   210 |   178 ||   442
       Rpst.: Falchion   |     1 |    14 |    57 |    53 ||   125
